 Dungeon Crawl Stone Soup version 0.21-a0-201-g8501b10 (webtiles) character file.

72 Ijustatesigmund the Cudgeler (level 4, 0/31 HPs)
             Began as an Octopode Fighter on Aug 17, 2017.
             Slain by a gnoll (6 damage)
             ... on level 2 of the Dungeon.
             The game lasted 00:03:19 (1101 turns).

Ijustatesigmund the Cudgeler (Octopode Fighter)     Turns: 1101, Time: 00:03:20

Health: 0/31       AC:  1    Str: 12 (15) XL:     4   Next: 25%
Magic:  3/3        EV: 12    Int: 13 (15) God:
Gold:   133        SH:  9    Dex: 13 (14) Spells: 3/3 levels left

rFire    + . .     SeeInvis .   j - -2 mace (curse)
rCold    . . .     Gourm    .   b - +1 shield
rNeg     . . .     Faith    .   (helmet restricted)
rPois    .         Spirit   .   (no amulet)
rElec    .         Reflect  .   f - ring of protection from fire
rCorr    .         Harm     .   (no ring)
MR       .....                  (no ring)
Stlth    ++........             (no ring)
HPRegen  0.50/turn              (no ring)
MPRegen  0.08/turn              (no ring)
                                (no ring)
                                (no ring)

@: brilliant
A: almost no armour, stealthy swim, amphibious, 8 rings, constrict 8, tentacle
spike 1, camouflage 1, agile 1, low mp 1, regeneration 1, gelatinous body 1
a: no special abilities


You were on level 2 of the Dungeon.
You were hungry.

You visited 1 branch of the dungeon, and saw 2 of its levels.

You collected 133 gold pieces.

Inventory:

Hand Weapons
 a - a +0 flail
 j - a cursed -2 mace (weapon)
Armour
 b - a +1 shield (worn)
 l - a +0 large shield
Jewellery
 f - a ring of protection from fire (left tentacle)
Scrolls
 e - a scroll of amnesia
Potions
 c - a potion of might
 m - a potion of haste {unknown}
Comestibles
 d - 2 bread rations
 g - 2 meat rations
 i - 2 royal jellies


   Skills:
 - Level 3.0 Fighting
 + Level 4.4 Maces & Flails
 - Level 3.0 Dodging
 - Level 3.0 Shields


You had 3 spell levels left.
You didn't know any spells.

Dungeon Overview and Level Annotations

Branches:
Dungeon (2/15)

Altars:
Ashenzari
Cheibriados
Fedhas
Makhleb
Okawaru
Qazlal
Trog
Uskayaw
Wu Jian
Yredelemnul
Zin


Innate Abilities, Weirdness & Mutations

You cannot wear most types of armour.
You are very stealthy in the water. (Stealth+)
You are amphibious.
You can wear up to eight rings at the same time.
You can use your tentacles to constrict eight enemies at once.
Your skin changes colour to match your surroundings (Stealth+).
Your rubbery body absorbs attacks. (AC +1, EV +1)
One of your tentacles bears a spike.
You are agile. (Dex +2)
Your magical capacity is low. (-10% MP)
Your natural rate of healing is unusually fast.


Message History

The gnoll hits you.
You hit the gnoll. Your grab misses the gnoll.
The gnoll is moderately wounded.
The gnoll barely misses you. The gnoll closely misses you.
You closely miss the gnoll. Your grab misses the gnoll.
The gnoll is moderately wounded.
The gnoll hits you!
* * * LOW HITPOINT WARNING * * *
It was a potion of degeneration.
There was something very wrong with that liquid.
You feel weakened.
You feel dopey.
You feel clumsy. The gnoll barely misses you.
It was a potion of brilliance.
You feel clever all of a sudden. The gnoll barely misses you.
It was a potion of mutation.
You feel extremely strange.
One of your lower tentacles grows a sharp spike.
You feel agile.
You feel less energetic.
You begin to heal more quickly.
The gnoll hits you.
You die...

######)........
######..............
#........)..........
..###..#...#############
#...............#######†
............###|........
..w####(##############..
#(##.#g#.# #..#
#@#≈≈≈≈≈≈# ###.##
#.g.K...._ #...##
###≈≈≈≈≈≈# #.#...
.#$#.#####.#.##
#######......#
####.....###.###
##....#..####.# #.
#####..#####..##..# #.
#....<## ##.##.##


You could see a gnoll and a kobold.

Vanquished Creatures
  A hound (D:2)
  A gnoll (D:2)
  A dart slug (D:1)
  A ball python (D:2)
  2 giant cockroaches (D:1)
  3 hobgoblins
  3 jackals (D:1)
  6 kobolds
  6 bats
  4 frilled lizards
  A goblin (D:2)
  A rat (D:1)
30 creatures vanquished.

Notes
Turn   | Place    | Note
-------+----------+-------------------------------------------
     0 | D:1      | Ijustatesigmund the Octopode Fighter began the quest for the Orb.
     0 | D:1      | Reached XP level 1. HP: 16/16 MP: 1/1
    52 | D:1      | Reached XP level 2. HP: 14/21 MP: 2/2
   359 | D:1      | Reached skill level 3 in Maces & Flails
   812 | D:2      | Reached XP level 3. HP: 26/26 MP: 3/3
   872 | D:2      | Found a blossoming altar of Fedhas.
   873 | D:2      | Found a stormy altar of Qazlal.
   873 | D:2      | Found a basalt altar of Yredelemnul.
   873 | D:2      | Found a shattered altar of Ashenzari.
   873 | D:2      | Found a bloodstained altar of Trog.
   875 | D:2      | Found an ornate altar of the Wu Jian Council.
   879 | D:2      | Found a snail-covered altar of Cheibriados.
   880 | D:2      | Found a hide-covered altar of Uskayaw.
   881 | D:2      | Found a glowing silver altar of Zin.
   975 | D:2      | Found a burning altar of Makhleb.
   980 | D:2      | Reached skill level 4 in Maces & Flails
   980 | D:2      | Reached XP level 4. HP: 28/31 MP: 4/4
  1089 | D:2      | Found an iron altar of Okawaru.
  1101 | D:2      | Gained mutation: One of your tentacles bears a spike. [potion of mutation]
  1101 | D:2      | Gained mutation: You are agile. (Dex +2) [potion of mutation]
  1101 | D:2      | Gained mutation: Your magical capacity is low. (-10% MP) [potion of mutation]
  1101 | D:2      | Gained mutation: Your natural rate of healing is unusually fast. [potion of mutation]
  1101 | D:2      | Slain by a gnoll

Vault maps used:
D:1:      dpeg_arrival_three_same_balls, item_on_display_a
D:2:      elyvilon_altar_5, okawaru_altar_gauntlet_db, minitemple,
          makhleb_heckhound_becter

Skill      XL: |  1  2  3 |
---------------+----------+-----
Maces & Flails | 3 4 |  4.4
Fighting       | |  3.0
Dodging        | |  3.0
Shields        | |  3.0

Action                   |  1- 3 |  4- 6 || total
-------------------------+-------+-------++-------
Melee: Flail             |    28 |       ||    28
       Constrict         |    18 |     3 ||    21
       Tentacles         |     5 |     1 ||     6
       Mace              |    26 |    10 ||    36
  Use: Scroll            |     5 |       ||     5
       Potion            |       |     3 ||     3
 Stab: Sleeping          |     6 |       ||     6
Armor: Skin              |     7 |     1 ||     8
Dodge: Dodged            |    27 |    10 ||    37
Block: Shield            |    25 |     6 ||    31
